 Dungeon Crawl Stone Soup version 0.31-a0-1001-g770356a28f (webtiles) character file.

Game seed: 3074447070421755467

2 GordonOverkill the Sneak (level 1, 0/11 HPs)
             Began as a Spriggan Delver on Nov 8, 2023.
             Was an Initiate of Vehumet.
             Succumbed to an adder's poison
             ... on level 6 of the Dungeon.
             The game lasted 00:00:53 (108 turns).

GordonOverkill the Sneak (Spriggan Delver)           Turns: 108, Time: 00:00:54

Health: 0/11       AC:  3    Str:  8    XL:     1   Next: 25%
Magic:  2/2        EV: 17    Int: 11    God:    Vehumet [......]
Gold:   0          SH:  0    Dex: 16    Spells: 0/0 levels left

rFire   . . .        a - +0 short sword
rCold   . . .        (no shield)
rNeg    . . .        b - +0 robe
rPois   .            (helmet restricted)
rElec   .            k - +0 cloak
rCorr   +            (gloves unavailable)
SInv    +            (boots unavailable)
Will    .....        (no amulet)
Stlth   ++++         i - ring of resist corrosion
HPRegen 0.21/turn    (no ring)
MPRegen 0.08/turn

%: no passive effects
@: lethally poisoned (0 -> -1), very quick
A: very small, no large weapons, unfitting armour, see invisible, speed 3
a: Renounce Religion


You were on level 6 of the Dungeon.
You worshipped Vehumet.
Vehumet was noncommittal.
You visited 1 branch of the dungeon, and saw 2 of its levels.

Inventory:

Hand Weapons
 a - a +0 short sword (weapon)
Armour
 b - a +0 robe (worn)
 k - a +0 cloak (worn)
Jewellery
 i - a ring of resist corrosion (left hand)
Wands
 g - a wand of digging (4)
 j - a wand of iceblast (11)
Scrolls
 c - a scroll of fog
 d - a scroll of revelation
 e - a scroll of fear
 h - a scroll of teleportation {unknown}
Potions
 f - a potion of haste


   Skills:
 + Level 2.4 Fighting
 + Level 2.2 Short Blades
 + Level 2.7 Dodging
 + Level 7.2 Stealth
 + Level 0.2 Evocations


You couldn't memorise any spells.
You didn't know any spells.
Your spell library was empty.

Dungeon Overview and Level Annotations

Branches:
Dungeon (6/15)
 Temple: D:4-7

Altars:
Gozag
Vehumet


Innate Abilities, Weirdness & Mutations

You are very small and have problems with some larger weapons.
You are too small for most types of armour.
You have supernaturally acute eyesight. (SInv)
You cover ground extremely quickly. (Speed+++)


Message History

Found a wand of digging (1).
Found an opulent altar of Gozag.
There is an open door here.
g - a wand of digging (4) (gained 1 charge)
There is an opulent altar of Gozag here.
There are no items here.
There is an open door here.
You open the door.
Found a cloak.
There is an open door here.
You see here a +0 cloak.
k - a +0 cloak You start putting on your armour.
You continue putting on your +0 cloak. x4
You finish putting on your +0 cloak.
You open the door.
There is an open door here.
Found a scroll labelled ERUBRIUMY.
The orc shouts!
You barely miss the orc.
An adder comes into view.
The orc hits you with a +0 hand axe.
* * * LOW HITPOINT WARNING * * *
You hit the orc but do no damage. The orc completely misses you.
You barely miss the orc. The orc misses you.
You hit the orc.
The orc is lightly wounded.
The orc barely misses you.
You hit the orc.
You kill the orc!
Vehumet accepts your kill.
You closely miss the adder. The adder bites you.
* * * LOW HITPOINT WARNING * * *
You are poisoned.
The adder poisons you!
You feel sick.
You feel sick. The adder attacks as it pursues you! The adder bites you.
* * * LOW HITPOINT WARNING * * *
* * * LOW HITPOINT WARNING * * *
You feel sick.
You die...

#.##.. #.. .. #.....
#.##.# #...# #.##.#
...### #.##.# ###...
#.##.#
#####....####.##.#
..............##.#
.#####...S..@......#
...?.......#######.#
.####.....# #.# #.#####
#.# #)# #.# .......# #.#
#....#.###### #.#
#...........###'####
#.≈≈≈≈≈≈≈≈≈.##.....#####


You could see an adder.

Vanquished Creatures
  An orc (D:6)
1 creature vanquished.

Notes
Turn   | Place    | Note
-------+----------+-------------------------------------------
     0 | D:5      | GordonOverkill the Spriggan Delver began the quest for the
                  | Orb.
     0 | D:5      | Reached XP level 1. HP: 11/11 MP: 2/2
    11 | D:6      | Found a radiant altar of Vehumet.
    31 | D:6      | Became a worshipper of Vehumet
    48 | D:6      | Found an opulent altar of Gozag.
   108 | D:6      | Succumbed to an adder's poison

Illustrated notes

Levels and vault maps discovered:
D:5:      minmay_recursive_quarters, layout_basic, uniq_crazy_yiuf_cottage
D:6:      layout_basic, pdpol_temple_overflow_zin_treasury_gozag_greed,
          mainiacjoe_overflow_concentric_impassable,
          nicolae_dithmenos_the_darkroom

Action                     || total
---------------------------++-------
  Melee: Short sword       ||     6
 Armour: Robe              ||     3
  Dodge: Dodged            ||     3

Table legend: (Time is in decaauts)
 A = Elapsed time spent in this place.
 B = Non-inter-level travel time spent in this place.
 C = Inter-level travel time spent in this place.
 D = Time resting spent in this place.
 E = Time spent auto-exploring this place.
 F = Levels seen in this place.
 G = Mean time per level.
                   A        B        C        D        E       F      G
               +--------+--------+--------+--------+--------+-----+--------+
         Total |     72 |     72 |      0 |      0 |      0 |   2 |   36.0 |
       Dungeon |     72 |     72 |      0 |      0 |      0 |   2 |   36.0 |
               +--------+--------+--------+--------+--------+-----+--------+

Top non-repeatable levels by time:
     D:6: 71 daAuts
     D:5: 1 daAuts
